 Dungeon Crawl Stone Soup version 0.30.1-9-gdf580d7c3d (webtiles) character file.

Game seed: 19953179633956638

22750 Anriel the Carver (level 13, 0/90 (94) HPs)
             Began as a Human Gladiator on Oct 20, 2023.
             Was an Elder of Okawaru.
             Killed from afar by an orc sorcerer (23 damage)
             ... with a bolt of negative energy
             ... on level 13 of the Dungeon.
             The game lasted 01:02:42 (11582 turns).

Anriel the Carver (Human Gladiator)                Turns: 11582, Time: 01:02:43

HP:   0/90 (94)     AC: 39    Str: 16    XL:     13   Next: 29%
MP:   14/20         EV: 11    Int:  9    God:    Okawaru [****..]
Gold: 871           SH:  0    Dex: 25    Spells: 12/12 levels left

rFire   . . .        F - +6 double sword (protect)
rCold   . . .        (no shield)
rNeg    . . .        B - +0 plate armour
rPois   .            c - +2 helmet
rElec   +            N - +0 cloak
rCorr   .            P - +1 pair of gloves of Darkness {Dex+5 Slay+4 Stlth+}
SInv    .            m - +2 pair of boots of Conscience {+Inv}
Will    .....        L - amulet "Dentuawe" {Acrobat Drain rElec Dex+2 Slay+3} Stlth
                     n - +4 ring of protection
HPRegen 0.35/turn    p - +4 ring of slaying
MPRegen 0.17/turn

%: acrobat
@: heroic, finesse-ful, under a protective aura, hasted, lightly drained, very
quick
A: no striking features
a: Renounce Religion, Evoke Invisibility, Heroism, Finesse


You were on level 13 of the Dungeon.
You worshipped Okawaru.
Okawaru was greatly pleased with you.
You visited 2 branches of the dungeon, and saw 14 of its levels.

You collected 1969 gold pieces.
You spent 1098 gold pieces at shops.

Inventory:

Hand Weapons
 v - a +2 great sword of freezing
 F - a +6 double sword of protection (weapon)
 J - the +3 spear of the Equinox {pain, Will+ Dex+3}
   (You found it on level 12 of the Dungeon)

   Dex:       It affects your dexterity (+3).
   Will:      It increases your willpower.
Missiles
 d - 2 throwing nets
 q - a boomerang of dispersal
 s - 3 boomerangs (quivered)
 u - 3 javelins
Armour
 c - a +2 helmet (worn)
 j - +0 steam dragon scales
 m - the +2 pair of boots of Conscience (worn) {+Inv}
   (Okawaru gifted it to you on level 10 of the Dungeon)

   +Inv:      It lets you turn invisible.
 B - a +0 plate armour (worn)
 I - a +0 troll leather armour
 N - a +0 cloak (worn)
 P - the +1 pair of gloves of Darkness (worn) {Dex+5 Slay+4 Stlth+}
   (Okawaru gifted it to you on level 12 of the Dungeon)

   Dex:       It affects your dexterity (+5).
   Slay:      It affects your accuracy & damage with ranged weapons and melee
   (+4).
   Stlth:     It makes you more stealthy.
Jewellery
 a - a ring of positive energy
 g - a +6 ring of intelligence
 n - a +4 ring of protection (left hand)
 p - a +4 ring of slaying (right hand)
 t - a ring of flight
 x - a ring of willpower
 H - an amulet of faith
 K - a +6 ring of strength
 L - the amulet "Dentuawe" (around neck) {Acrobat Drain rElec Dex+2 Slay+3}
   (You bought it in a shop on level 7 of the Dungeon)

   [amulet of the acrobat]

   It increases your evasion while moving and waiting.
   Dex:       It affects your dexterity (+2).
   Slay:      It affects your accuracy & damage with ranged weapons and melee
   (+3).
   rElec:     It insulates you from electricity.
   Drain:     It drains your maximum health when unequipped.
Wands
 f - a wand of polymorph (6)
 h - a wand of roots (11)
 y - a wand of quicksilver (3)
 A - a wand of flame (13)
 M - a wand of mindburst (8)
Scrolls
 r - 6 scrolls of immolation
 C - 2 scrolls of blinking
 G - 7 scrolls of teleportation
 O - a scroll of identify
Potions
 b - 2 potions of magic
 e - 6 potions of brilliance
 i - 2 potions of flight
 k - 8 potions of curing
 l - 2 potions of heal wounds
 w - 3 potions of berserk rage
 z - 2 potions of might
 D - 2 potions of invisibility
 E - 2 potions of ambrosia


   Skills:
 + Level 6.4(11.4) Fighting
 * Level 13.8(18.8) Long Blades
 - Level 5.0(10.0) Throwing
 - Level 10.0(15.0) Armour
 - Level 5.0(10.0) Dodging
 - Level 10.0 Invocations
 - Level 5.0 Evocations


You had 12 spell levels left.
You didn't know any spells.
Your spell library contained the following spells:

 Spells                   Type           Power      Damage    Failure   Level
 Apportation              Tloc           0%         N/A       100%        1
 Necrotise                Necr           0%         1d4       100%        1
 Ensorcelled Hibernation  Hex/Ice        0%         N/A       100%        2
 Passwall                 Tmut/Erth      0%         N/A       100%        2
 Frozen Ramparts          Ice            0%         1d1       100%        3
 Swiftness                Air            0%         N/A       100%        3
 Ice Form                 Ice/Tmut       0%         N/A       100%        4
 Summon Small Mammal      Summ           Unusable   N/A       N/A         1
 Summon Ice Beast         Ice/Summ       Unusable   N/A       N/A         4

Dungeon Overview and Level Annotations

Branches:
Dungeon (13/15)            Temple (1/1) D:7            Lair (0/5) D:11
    Orc (0/2) D:11
 Vaults: D:13-14

Altars:
Ashenzari
Cheibriados
Dithmenos
Elyvilon
Fedhas
Gozag
Hepliaklqana
Kikubaaqudgha
Makhleb
Nemelex Xobeh
Okawaru
Qazlal
Ru
Sif Muna
Trog
Uskayaw
Vehumet
Wu Jian
Xom
Yredelemnul
Zin
The Shining One

Shops:
D:5 !((:   D:7 =


Message History

Okawaru will no longer gift you equipment.
The sixfirhy closely misses you.
The sixfirhy hits you but does no damage.
The sixfirhy hits you. The sixfirhy shocks you. You resist.
The sixfirhy hits you. The sixfirhy shocks you. You resist. Something hits you!
The vault guard barely misses you.
The vault guard attacks as you move away!
The vault guard hits you but does no damage.
You feel yourself speed up.
The vault guard hits you with a +0 war axe.
* * * LOW HITPOINT WARNING * * *
You hit the vault guard.
Your weapon exudes an aura of protection.
The vault guard is severely wounded.
Something hits you but does no damage.
You feel much better. The sixfirhy hits you. The sixfirhy shocks you.
You resist. The sixfirhy hits you. The sixfirhy shocks you. You resist.
The vault guard hits you but does no damage.
The sixfirhy hits you!
* * * LOW HITPOINT WARNING * * *
The sixfirhy shocks you. You resist.
* * * LOW HITPOINT WARNING * * *
You slash the vault guard!
The vault guard is almost dead.
The sixfirhy hits you but does no damage.
You slash the vault guard!
You kill the vault guard!
Okawaru accepts your kill.
The sixfirhy hits you but does no damage.
You slash the sixfirhy!
The sixfirhy is moderately wounded.
An ogre mage appears from thin air!
Reactivating autopickup.
The sixfirhy hits you but does no damage.
The ogre mage closely misses you. The orc sorcerer casts a spell at you.
The bolt of negative energy hits the sixfirhy.
The sixfirhy completely resists.
The bolt of negative energy hits you!!
You feel drained.
You die...

#....≈≈≈~......... #..#
...p≈≈≈~..^...... #..#
...#≈≈~.#.......###..#
####≈~..#.......#....#
#######....#.......##...##
###.#........#........#.....
#...##'#######........#.....
###.........).........#.....
#........@3o........#.....
#.........O.........#.....
#...................#.....
#####..###########..#.....
#..# #..#..... #..#
#..#+#+## #..# #.......#
###..# #........
#....###########........


You could see an ogre mage, a sixfirhy (summoned) and an orc sorcerer.

Vanquished Creatures
  Snorg (D:12)
  A rakshasa (D:13)
  A vault guard (D:13)
  A centaur warrior (D:13)
  4 two-headed ogres
  Lodul (D:12)
  Pikel (D:8)
  2 deep elf pyromancers (D:12)
  3 cyclopes
  3 ugly things
  4 gargoyles
  Psyche (D:8)
  2 unseen horrors (D:12)
  A kobold demonologist (D:10)
  A komodo dragon (D:13)
  9 trolls
  Sigmund (D:2)
  A water elemental (D:11)
  3 shadows
  2 wyverns
  A wraith (D:10)
  6 yaks
  3 steam dragons
  2 basilisks
  A human (D:13)
  Edmund (D:5)
  An acid dragon (D:10)
  A water moccasin (D:8)
  A sky beast (D:4)
  2 black bears
  An orc warrior (D:7)
  11 ogres
  5 wolves (D:11)
  10 centaurs
  4 lemures (D:8)
  A phantom (D:5)
  5 kobold brigands
  5 bullfrogs
  3 scorpions (D:4)
  20 wights
  16 killer bees
  6 howler monkeys
  3 electric eels (D:11)
  7 hounds
  A gnoll bouda (D:9)
  3 orc priests
  A jelly (D:6)
  An iguana (D:5)
  A sleepcap (D:4)
  Natasha (thrice) (D:2)
  3 orc wizards
  A mummy (D:6)
  Robin (D:2)
  16 gnolls
  9 adders
  3 white imps
  An ufetubus (D:5)
  A worm (D:2)
  2 dart slugs (D:3)
  20 orcs
  5 ball pythons
  5 bats
  8 endoplasms
  4 giant cockroaches
  12 goblins
  8 hobgoblins
  2 jackals (D:2)
  4 quokkas
  A frilled lizard (D:3)
  A hobgoblin zombie (D:6)
  30 kobolds
  3 orc zombies (D:6)
  3 rats
312 creatures vanquished.

Vanquished Creatures (others)
  A human (D:4)
1 creature vanquished.

Grand Total: 313 creatures vanquished

Notes
Turn   | Place    | Note
-------+----------+-------------------------------------------
     0 | D:1      | Anriel the Human Gladiator began the quest for the Orb.
     0 | D:1      | Reached XP level 1. HP: 16/16 MP: 1/1
   178 | D:1      | Reached skill level 1 in Armour
   178 | D:1      | Reached XP level 2. HP: 20/22 MP: 2/2
   555 | D:1      | Reached XP level 3. HP: 27/27 MP: 3/3
   923 | D:2      | Reached XP level 4. HP: 22/34 MP: 4/4
   987 | D:2      | Noticed Robin
  1033 | D:2      | Killed Robin
  1037 | D:2      | Reached XP level 5. HP: 7/40 MP: 5/5
  1303 | D:2      | Found a shimmering altar of Xom.
  1350 | D:2      | Noticed Natasha
  1356 | D:2      | Killed Natasha
  1416 | D:2      | Noticed Natasha
  1424 | D:2      | Killed Natasha
  1425 | D:2      | Reached skill level 1 in Evocations
  1429 | D:2      | Noticed Sigmund
  1454 | D:2      | Killed Sigmund
  1455 | D:2      | Reached XP level 6. HP: 40/48 MP: 6/6
  1572 | D:2      | Noticed Natasha
  1577 | D:2      | Killed Natasha
  1578 | D:2      | Reached XP level 7. HP: 52/53 MP: 7/7
  1792 | D:3      | Found a hazy altar of Hepliaklqana.
  2129 | D:3      | Found a radiant altar of Vehumet.
  2148 | D:3      | Found a glowing golden altar of the Shining One.
  2282 | D:4      | Reached skill level 4 in Long Blades
  2405 | D:4      | Found a shadowy altar of Dithmenos.
  2441 | D:4      | Reached XP level 8. HP: 61/61 MP: 8/8
  2608 | D:4      | Reached skill level 5 in Long Blades
  2671 | D:4      | Reached skill level 5 in Fighting
  2671 | D:4      | Reached skill level 5 in Armour
  2785 | D:4      | Found an ancient bone altar of Kikubaaqudgha.
  2785 | D:4      | Noticed a human
  2789 | D:4      | Killed a human
  3018 | D:5      | Entered Level 5 of the Dungeon
  3043 | D:5      | Found a broken altar of Ashenzari.
  3064 | D:5      | Found a hide-covered altar of Uskayaw.
  3064 | D:5      | Found an iron altar of Okawaru.
  3071 | D:5      | Found Tueskam's Book Shoppe.
  3073 | D:5      | Found Gupisike's Weapon Shoppe.
  3074 | D:5      | Became a worshipper of Warmaster Okawaru
  3122 | D:5      | Reached skill level 5 in Dodging
  3122 | D:5      | Reached XP level 9. HP: 66/68 MP: 9/9
  3129 | D:5      | Bought 3 boomerangs for 78 gold pieces
  3152 | D:5      | Found Poafub's Weapon Boutique.
  3153 | D:5      | Found Vemici's Distillery.
  3159 | D:5      | Noticed Edmund
  3165 | D:5      | Killed Edmund
  3166 | D:5      | Reached skill level 1 in Invocations
  3169 | D:5      | Bought a potion of heal wounds for 70 gold pieces
  3169 | D:5      | Bought 2 potions of degeneration for 28 gold pieces
  3180 | D:5      | Bought 6 boomerangs for 132 gold pieces
  3245 | D:5      | Reached * piety under Okawaru
  4008 | D:6      | Reached ** piety under Okawaru
  4009 | D:6      | Reached skill level 5 in Evocations
  4015 | D:6      | Reached skill level 5 in Throwing
  4358 | D:6      | Found a sacrificial altar of Ru.
  4389 | D:6      | Reached skill level 6 in Long Blades
  4389 | D:6      | Reached skill level 5 in Invocations
  4773 | D:7      | Found a staircase to the Ecumenical Temple.
  4794 | D:7      | Reached XP level 10. HP: 67/73 MP: 13/13
  4812 | Temple   | Entered the Ecumenical Temple
  5393 | D:7      | Reached skill level 7 in Long Blades
  5414 | D:7      | Found Hoeh's Jewellery Boutique.
  5499 | D:7      | Reached *** piety under Okawaru
  6052 | D:8      | Noticed a two-headed ogre
  6066 | D:8      | Killed a two-headed ogre
  6088 | D:8      | Noticed Pikel
  6125 | D:8      | Killed Pikel
  6126 | D:8      | Reached skill level 8 in Long Blades
  6263 | D:8      | Reached **** piety under Okawaru
  6278 | D:8      | Received a gift from Okawaru
  6471 | D:8      | Noticed Psyche
  6479 | D:8      | Killed Psyche
  6595 | D:8      | Found a stormy altar of Qazlal.
  6676 | D:8      | Reached XP level 11. HP: 60/79 MP: 16/16
  6748 | D:8      | Reached skill level 9 in Long Blades
  7332 | D:8      | Identified a scroll of acquirement
  7332 | D:8      | Acquired a +4 double sword of protection
  7443 | D:9      | Reached ***** piety under Okawaru
  7587 | D:9      | Received a gift from Okawaru
  7710 | D:9      | Reached skill level 10 in Long Blades
  7761 | D:9      | Noticed a two-headed ogre
  7766 | D:9      | Killed a two-headed ogre
  7846 | D:9      | Found a white marble altar of Elyvilon.
  8071 | D:10     | Entered Level 10 of the Dungeon
  8076 | D:10     | Identified the +2 pair of boots of Conscience {+Inv}
                  | (Okawaru gifted it to you on level 10 of the Dungeon)
  8076 | D:10     | Received a gift from Okawaru
  8101 | D:10     | Noticed a two-headed ogre
  8112 | D:10     | Noticed a two-headed ogre
  8114 | D:10     | Killed a two-headed ogre
  8123 | D:10     | Killed a two-headed ogre
  8340 | D:10     | Reached skill level 11 in Long Blades
  8404 | D:10     | Reached XP level 12. HP: 86/86 MP: 18/18
  8964 | D:11     | Found a staircase to the Lair.
  9283 | D:11     | Found a staircase to the Orcish Mines.
  9558 | D:12     | Identified the +3 spear of the Equinox {pain, Will+ Dex+3}
  9642 | D:12     | Acquired 843 gold pieces
  9789 | D:7      | Bought the amulet "Dentuawe" {Acrobat Drain rElec Dex+2
                  | Slay+3} for 552 gold pieces
  9854 | D:5      | Bought a potion of curing for 42 gold pieces
  9854 | D:5      | Bought 2 potions of curing for 84 gold pieces
  9854 | D:5      | Bought a potion of ambrosia for 112 gold pieces
 10057 | D:12     | Reached skill level 12 in Long Blades
 10454 | D:12     | Noticed Lodul
 10463 | D:12     | Received a gift from Okawaru
 10477 | D:12     | Killed Lodul
 10478 | D:12     | Reached skill level 10 in Invocations
 10716 | D:12     | Received a gift from Okawaru
 11042 | D:12     | Noticed Snorg
 11056 | D:12     | Killed Snorg
 11057 | D:12     | Reached skill level 13 in Long Blades
 11057 | D:12     | Reached XP level 13. HP: 56/92 MP: 12/20
 11316 | D:13     | Received a gift from Okawaru
 11332 | D:13     | Noticed a centaur warrior
 11340 | D:13     | Killed a centaur warrior
 11435 | D:13     | Noticed a rakshasa
 11449 | D:12     | Identified the +1 pair of gloves of Darkness {Dex+5 Slay+4
                  | Stlth+} (Okawaru gifted it to you on level 12 of the
                  | Dungeon)
 11449 | D:12     | Received a gift from Okawaru
 11450 | D:12     | Reached skill level 10 in Armour
 11478 | D:13     | Killed a rakshasa
 11518 | D:13     | Noticed a vault guard
 11534 | D:13     | Noticed a vault guard
 11538 | D:13     | Noticed a vault guard
 11539 | D:13     | Noticed an ogre mage
 11581 | D:13     | Killed a vault guard
 11582 | D:13     | Killed from afar by an orc sorcerer

Illustrated notes

Levels and vault maps discovered:
D:1:      scummos_arrival_star, layout_basic
D:2:      layout_basic, basic_altar, uniq_robin, uniq_natasha, uniq_sigmund
D:3:      layout_loops_cross, mainiacjoe_overflow_divided_tiny,
          nicolae_hepliaklqana_hazy_memory
D:4:      layout_cave_pools, tgw_kikubaaqudgha,
          mainiacjoe_overflow_small_starburst, dreamdust_wishing_well
D:5:      layout_basic, mainiacjoe_overflow_chevrons,
          chequers_temple_overflow_statue_of_worship, serial_shops,
          shop_fountains, shop, nicolae_shop_window_shopping, shop_fountains,
          minmay_statues_item, uniq_edmund
D:6:      layout_basic, nicolae_ru_sacrificial_ziggurat, minmay_mini_ossuary
D:7:      layout_basic, minmay_temple_entry_large_hall, serial_shops, shop
D:8:      layout_gridville, nicolae_qazlal_style_of_elements, item_on_display_b,
          uniq_psyche, uniq_pikel
D:9:      layout_basic, mainiacjoe_overflow_brackets
D:10:     layout_rooms, hangedman_decor_push
D:11:     layout_stronghold, erik_lair_island, orc_0_dummy
D:12:     layout_stronghold, uniq_snorg, uniq_lodul
D:13:     layout_irregular_city, grunt_vaults_entry_fortified,
          serial_bayou_lagoon_b
Temple:   minmay_temple_curvy_loop

Skill      XL: |  1  2  3  4  5  6  7  8  9 10 11 12 13 |
---------------+----------------------------------------+-----
Armour         | 1 2 3 4 5 6 8 9 10 | 10.0
Fighting       | 3 4 5 6 |  6.4
Throwing       | 3 5 |  5.0
Evocations     | 2 3 5 |  5.0
Long Blades    | 4 5 6 8 11 13 | 13.8
Dodging        | 5 |  5.0
Invocations    | 5 7 8 10 | 10.0

Action                     |  1- 3 |  4- 6 |  7- 9 | 10-12 | 13-15 || total
---------------------------+-------+-------+-------+-------+-------++-------
  Melee: Long sword        |    97 |    84 |   135 |       |       ||   316
         Punch             |     1 |       |     4 |     9 |       ||    14
         Scimitar          |       |       |    65 |   242 |       ||   307
         Double sword      |       |       |       |   283 |    44 ||   327
  Throw: Javelin           |     1 |       |       |       |       ||     1
         Throwing net      |       |     5 |       |     3 |       ||     8
         Boomerang         |       |       |    81 |   106 |    23 ||   210
 Invoke: Heroism           |       |       |       |     3 |     1 ||     4
         Finesse           |       |       |       |     2 |     1 ||     3
    Use: Scroll            |     4 |       |    16 |    14 |       ||    34
         Potion            |       |       |       |     5 |     2 ||     7
   Stab: Held in net/web   |       |       |       |     1 |       ||     1
 Armour: Ring mail         |    17 |       |       |       |       ||    17
         Chain mail        |    35 |    81 |   137 |    58 |       ||   311
         Plate armour      |       |       |       |   458 |    40 ||   498
  Dodge: Dodged            |    42 |    39 |    84 |   229 |    20 ||   414
